 Dungeon Crawl Stone Soup version 0.30-a0-778-g2ef04afb54 (webtiles) character file.

Game seed: 16024994732058630027

196 Pimp the Trooper (level 5, 0/47 HPs)
             Began as a Draconian Berserker on Feb 15, 2023.
             Was a Believer of Trog.
             Slain by a crimson imp
             ... wielding a +1 dagger of chaos
              (17 damage)
             ... on level 3 of the Dungeon.
             The game lasted 00:06:46 (2119 turns).

Pimp the Trooper (Draconian Berserker)              Turns: 2119, Time: 00:06:46

Health: 0/47       AC: 16    Str: 21    XL:     5   Next: 45%
Magic:  0/5        EV: 12    Int:  8    God:    Trog [**....]
Gold:   55         SH:  0    Dex: 10    Spells: 4/4 levels left

rFire   . . .      SeeInvis .    l - +2 short sword (protect)
rCold   . . .      Faith    .    (no shield)
rNeg    . . .      Spirit   +    (body armour unavailable)
rPois   .          Reflect  .    (helmet restricted)
rElec   .          Harm     +    e - scarf {harm}
rCorr   .          Rampage  .    (no gloves)
Will    .....                    (no boots)
Stlth   +                        j - amulet of guardian spirit
HPRegen 0.27/turn                i - +4 ring of protection
MPRegen 0.09/turn                (no ring)

@: lethally poisoned (0 -> -3), under a protective aura
A: AC +5, unfitting armour, cold-blooded
a: Renounce Religion, Berserk, Trog's Hand


You were on level 3 of the Dungeon.
You worshipped Trog.
Trog was pleased with you.
You visited 1 branch of the dungeon, and saw 3 of its levels.

You collected 55 gold pieces.

Inventory:

Hand Weapons
 a - a +0 falchion
 l - a +2 short sword of protection (weapon)
 n - a +2 spear of flaming
Armour
 e - a scarf of harm (worn)
 f - a +0 scale mail
Jewellery
 i - a +4 ring of protection (left hand)
 j - an amulet of guardian spirit (around neck)
 k - a ring of protection from fire
Scrolls
 c - 3 scrolls of immolation {unknown}
 d - 2 scrolls of vulnerability {unknown}
 m - a scroll of enchant weapon {unknown}
 o - a scroll of fear {unknown}
 p - a scroll of identify {unknown}
 r - a scroll of teleportation {unknown}
 t - a scroll of noise {unknown}
Potions
 b - a potion of brilliance {unknown}
 g - a potion of degeneration {unknown}
 h - 2 potions of curing {unknown}
 q - a potion of invisibility {unknown}
 s - 2 potions of flight {unknown}
 u - a potion of lignification {unknown}


   Skills:
 + Level 4.4 Fighting
 + Level 0.9(2.4) Short Blades
 + Level 3.6 Long Blades
 + Level 2.2 Polearms
 + Level 3.8 Dodging
 + Level 0.3 Stealth


You had 4 spell levels left.
You didn't know any spells.
Your spell library was empty.

Dungeon Overview and Level Annotations

Branches:
Dungeon (3/15)

Altars:
Xom

Shops:
D:1 (


Innate Abilities, Weirdness & Mutations

Your plain brown scales are hard. (AC +5)
You cannot fit into any form of body armour.
You are cold-blooded and may be slowed by cold attacks.


Message History

You completely miss the crimson imp.
You tail-slap the crimson imp, but do no damage.
You feel sick.
You are no longer poisoned.
The crimson imp hits you but does no damage.
You easily resist.
You closely miss the crimson imp.
The crimson imp blinks!
You hit the crimson imp.
You tail-slap the crimson imp, but do no damage.
The crimson imp is lightly wounded.
The crimson imp hits you with a +1 dagger of chaos.
You miss the crimson imp. The crimson imp closely misses you.
You hit the crimson imp.
The crimson imp is moderately wounded.
The crimson imp misses you.
You hit the crimson imp.
The crimson imp is heavily wounded.
The crimson imp hits you with a +1 dagger of chaos.
The crimson imp burns you.
You closely miss the crimson imp.
The crimson imp is moderately wounded.
The crimson imp hits you but does no damage.
You hit the crimson imp.
The crimson imp is severely wounded.
The crimson imp blinks!
The crimson imp lashes its tail.
The crimson imp hits you but does no damage.
You are poisoned.
You barely miss the crimson imp.
The crimson imp is moderately wounded.
You feel sick.
The crimson imp hits you with a +1 dagger of chaos.
You hit the crimson imp but do no damage.
The crimson imp is moderately wounded.
You hit the crimson imp.
The crimson imp is heavily wounded.
You feel sick.
The crimson imp hits you but does no damage.
You are electrocuted!!
You die...

#.# ##<#.###.
####.######### ##..# #.
###............# ##.#
#. .........>.# #.# #.#
## #.........# #.# #.#
#.........###.# #.#
#.....÷....##># #.# ##
##.>........##.#######
..# #.
#...............@5...#
## #.
#..........#...#####.##
#. #...######'#####
#...# #.
......#.^...§.# #...#
#. #.#.#####._.###
#.[.# #. #.#.#
#.....^5#....##.#
#.####. #.#.#
####'#######. #.#
#...... #.#.# #..# #.
#.# ######. #.#.# ##.#
#. #.# #.


You could see a crimson imp.

Vanquished Creatures
  Pargi (D:3)
  A crimson imp (D:3)
  An adder (D:2)
  2 worms (D:2)
  A dart slug (D:2)
  5 bats
  4 endoplasms
  2 giant cockroaches (D:2)
  4 goblins
  6 hobgoblins
  4 jackals (D:3)
  5 kobolds
  A quokka (D:1)
  7 ball pythons
  3 frilled lizards
  A rat (D:3)
48 creatures vanquished.

Notes
Turn   | Place    | Note
-------+----------+-------------------------------------------
     0 | D:1      | Pimp the Draconian Berserker began the quest for the Orb.
     0 | D:1      | Reached XP level 1. HP: 19/19 MP: 1/1
   249 | D:1      | Reached XP level 2. HP: 25/26 MP: 2/2
   551 | D:1      | Found Justreimp's Weapon Shoppe.
  1039 | D:2      | Reached XP level 3. HP: 21/33 MP: 1/3
  1208 | D:2      | Reached skill level 4 in Fighting
  1700 | D:3      | Reached ** piety under Trog
  1803 | D:3      | Reached XP level 4. HP: 40/40 MP: 4/4
  1841 | D:3      | Noticed Pargi
  1869 | D:3      | Killed Pargi
  1870 | D:3      | Reached skill level 1 in Polearms
  1870 | D:3      | Reached XP level 5. HP: 10/47 MP: 1/5
  2035 | D:3      | Found a shimmering altar of Xom.
  2119 | D:3      | Slain by a crimson imp

Illustrated notes

Levels and vault maps discovered:
D:1:      shiori_shiawase, layout_basic, serial_shops, shop_fountains
D:2:      layout_loops_cross
D:3:      layout_loops_ring, led_xom_imps, uniq_robin, uniq_pargi, uniq_grinder

Skill      XL: |  1  2  3  4  5 |
---------------+----------------+-----
Dodging        | 3 |  3.8
Fighting       | 4 |  4.4
Polearms       | 1 2 |  2.2
Short Blades   | |  0.9
Long Blades    | |  3.6
Stealth        | |  0.3

Action                     |  1- 3 |  4- 6 || total
---------------------------+-------+-------++-------
  Melee: Falchion          |    61 |       ||    61
         Tailslap          |    16 |     7 ||    23
         Spear             |    38 |    39 ||    77
         Short sword       |    33 |    27 ||    60
         Punch             |       |     1 ||     1
   Stab: Distracted        |     1 |       ||     1
 Armour: Skin              |    47 |    36 ||    83
  Dodge: Dodged            |    96 |    47 ||   143

Table legend: (Time is in decaauts)
 A = Elapsed time spent in this place.
 B = Non-inter-level travel time spent in this place.
 C = Inter-level travel time spent in this place.
 D = Time resting spent in this place.
 E = Time spent auto-exploring this place.
 F = Levels seen in this place.
 G = Mean time per level.
                   A        B        C        D        E       F      G
               +--------+--------+--------+--------+--------+-----+--------+
         Total |   2124 |   2050 |     74 |      0 |   1539 |   3 |  708.0 |
       Dungeon |   2124 |   2050 |     74 |      0 |   1539 |   3 |  708.0 |
               +--------+--------+--------+--------+--------+-----+--------+

Top non-repeatable levels by time:
     D:1: 977 daAuts
     D:2: 683 daAuts
     D:3: 463 daAuts
